 Dungeon Crawl Stone Soup version 0.14-a0-736-g2a71271 (webtiles) character file.

52 Malachi the Insei (level 2, -1/21 HPs)
             Began as a Demonspawn Transmuter on Nov 7, 2013.
             Slain by a hobgoblin
             ... wielding a -1,+1 orcish club
              (4 damage)
             ... on Level 1 of the Dungeon.
             The game lasted 00:01:04 (531 turns).

Malachi the Insei (Demonspawn Transmuter)            Turns: 531, Time: 00:01:04

HP  -1/21        AC  2     Str 10      XL: 2   Next: 37%
MP   2/3         EV 12     Int 14      God:
Gold 36          SH  0     Dex 13      Spells:  1 memorised,  4 levels left

Res.Fire  : . . .   See Invis. : .     - Unarmed
Res.Cold  : . . .   Warding    : .   c - +0 robe
Life Prot.: . . .   Conserve   : .   (no shield)
Res.Poison: .       Res.Corr.  : .   (helmet restricted)
Res.Elec. : .       Clarity    : .   (no cloak)
Sust.Abil.: . .     Spirit.Shd : .   (no gloves)
Res.Mut.  : .       Stasis     : .   (boots unavailable)
Res.Rott. : .       Flight     : .   (no amulet)
Saprovore : . . .                    (no ring)
                                     (no ring)

@: appendage (expiring), not resistant to hostile enchantments, unstealthy
A: horns 1, talons 3
a: End Transformation


You were on level 1 of the Dungeon.
You were not hungry.
You had grown temporary talons.
You visited 1 branch of the dungeon, and saw 1 of its levels.

You collected 36 gold pieces.

Inventory:

Missiles
 b - 12 arrows
 e - 9 arrows of flame
Armour
 c - a +0 robe (worn)
Comestibles
 a - a bread ration
 g - a cheese
 i - 2 chunks of hobgoblin flesh
 l - a chunk of giant cockroach flesh
Scrolls
 h - a scroll of fog {unknown}
 j - 3 scrolls of curse weapon {unknown}
 k - a scroll of remove curse {unknown}
Books
 d - a book of Changes

   Spells                             Type                      Level
   *Beastly Appendage                 Transmutation                1
   Sticks to Snakes                   Transmutation                2
   Spider Form                        Transmutation/Poison         3
   Ice Form                           Ice/Transmutation            4
   Blade Hands                        Transmutation                5


   Skills:
 + Level 1.0 Fighting
 + Level 2.0 Dodging
 * Level 3.2 Unarmed Combat
 - Level 2.0 Spellcasting
 * Level 2.0 Transmutations


You had 4 spell levels left.
You knew the following spells:

 Your Spells              Type           Power        Failure   Level  Hunger
a - Beastly Appendage     Trmt           #.....       12%         1    ##.....


Dungeon Overview and Level Annotations

Branches:
Dungeon (1/27)

Altars:


Innate Abilities, Weirdness & Mutations

You have a pair of small horns on your head.
You have claws for feet.


Message History

Confirm with . or Enter, or press ? or * to list all spells.
Your feet morph into talons.
The hobgoblin barely misses you.
You barely miss the hobgoblin.
The hobgoblin hits you with an orcish club.
* * * LOW HITPOINT WARNING * * *
You hit the hobgoblin. Your kick misses the hobgoblin.
The hobgoblin is moderately wounded.
You hit the hobgoblin.
You kill the hobgoblin!
You see here an elven robe.
You miss the giant gecko.
The giant gecko is heavily wounded.
The giant gecko bites you but does no damage.
You barely miss the giant gecko. You claw the giant gecko.
You kill the giant gecko!
Your Dodging skill increases to level 2!
You barely miss the hobgoblin. Your headbutt misses the hobgoblin.
Your transformation is almost over.
The hobgoblin hits you with an orcish club.
You die...

...# #.......# #.# #.
...###.......### #.# #.
...............# #.# ...
...###.###.###.# #.# ..#.. ...#
#.# #.# #.# #.# #.. ...# #.# #.#
#.# #.# #.. #.## #.#
#.###.###.###### #.# #.#
#.##...##.##...### #.# #.#
#.##...@g....##..### #.# #.#
#.##...##.###.###..##### #.# #.#
#.##...##)# #...###..#.. #.## #.#
#.###.###.####..# ##.'..
...###.###.###.###...##..# #..#..
...##..........[.....#####..#####
.....######....###...###..###.
#.####≈##≈##............# #...
#.###≈.≈≈P≈##..###...####.....


You could see a hobgoblin.

Vanquished Creatures
  A giant gecko (D:1)
  A ball python (D:1)
  A goblin (D:1)
  3 hobgoblins (D:1)
  2 kobolds (D:1)
  2 giant cockroaches (D:1)
  3 rats (D:1)
  3 toadstools (D:1)
16 creatures vanquished.

Vanquished Creatures (others)
  A toadstool (D:1)
1 creature vanquished.

Grand Total: 17 creatures vanquished

Notes
Turn   | Place    | Note
--------------------------------------------------------------
     0 | D:1      | Malachi, the Demonspawn Transmuter, began the quest for the Orb.
     0 | D:1      | Reached XP level 1. HP: 15/15 MP: 1/1
   102 | D:1      | Reached skill level 3 in Unarmed Combat
   307 | D:1      | Gained mutation: You have a pair of small horns on your head. [demonic ancestry]
   307 | D:1      | Reached XP level 2. HP: 15/21 MP: 0/3
   531 | D:1      | Slain by a hobgoblin

Action                   || total
-------------------------++-------
Melee: Unarmed           ||    54
 Cast: Beastly Appendage ||     7
